Workbook

Sheet SEPTIEMBRE ORDINARIO
A1: En cumplimiento a lo dispuesto en el artículo 11 párrafo último de la Ley de Coordinación Fiscal para el Estado de Oaxaca y numeral 5 fracción II, inciso b del Acuerdo por el que se expiden los Lineamientos para la publicación de la información a que se refiere el articulo 6o. de la Ley de Coordinación Fiscal.
A2: I. Importe de las Participaciones pagadas a los Municipios del Estado de Oaxaca correspondiente al mes de SEPTIEMBRE de 2026.
A3: CLAVE | B3: MUNICIPIO | C3: FONDO GENERAL DE PARTICIPACIONES | D3: FONDO DE FOMENTO MUNICIPAL | E3: FONDO DE IMPUESTOS ESPECIALES SOBRE PRODUCCION Y SERVICIOS | F3: FONDO DE FISCALIZACION Y RECAUDACIÓN | G3: FONDO DE COMPENSACION | H3: IMPUESTO SOBRE AUTOMÓVILES NUEVOS | I3: IMPUESTO A LAS VENTAS FINALES DE GASOLINAS Y DIESEL | J3: 9/11 FIEPS GASOLINA Y DIESEL (CORRESPONDIENTE A AGOSTO 2026) | K3: FONDO DE COMPENSACION DEL IMPUESTO SOBRE AUTOMOVILES NUEVOS ISAN | L3: ISR ARTICULO 126 | M3: ISR 3-B | N3: HIDROCARBUROS | O3: TOTAL
A4: 1 | B4: ABEJONES | C4: 139135 | D4: 53142 | E4: 2184 | F4: 6015 | G4: 2429 | H4: 903 | I4: 1653 | J4: 1 | K4: 459 | L4: 100 | M4: 0 | N4: 0 | O4: =SUM(C4:N4) -> 206021
A5: 2 | B5: ACATLAN DE PEREZ FIGUEROA | C5: 3513445 | D5: 1632107 | E5: 42359 | F5: 78156 | G5: 129772 | H5: 33602 | I5: 96172 | J5: 74 | K5: 6017 | L5: 6399 | M5: 415662 | N5: 42210.81 | O5: =SUM(C5:N5) -> 5995975.8
A6: 3 | B6: ASUNCION CACALOTEPEC | C6: 226635 | D6: 49566 | E6: 3106 | F6: 7113 | G6: 7450 | H6: 1872 | I6: 5036 | J6: 4 | K6: 543 | L6: 306 | M6: 0 | N6: 0 | O6: =SUM(C6:N6) -> 301631
A7: 4 | B7: ASUNCION CUYOTEPEJI | C7: 131984 | D7: 61337 | E7: 1790 | F7: 3989 | G7: 3152 | H7: 1112 | I7: 2562 | J7: 2 | K7: 333 | L7: 186 | M7: 0 | N7: 0 | O7: =SUM(C7:N7) -> 206447
A8: 5 | B8: ASUNCION IXTALTEPEC | C8: 1899848 | D8: 423930 | E8: 22181 | F8: 42515 | G8: 43132 | H8: 17711 | I8: 40772 | J8: 31 | K8: 3066 | L8: 3327 | M8: 0 | N8: 0 | O8: =SUM(C8:N8) -> 2496513
A9: 6 | B9: ASUNCION NOCHIXTLAN | C9: 2419667 | D9: 853891 | E9: 26054 | F9: 40517 | G9: 58321 | H9: 24661 | I9: 58348 | J9: 45 | K9: 3055 | L9: 4979 | M9: 128618 | N9: 0 | O9: =SUM(C9:N9) -> 3618156
A10: 7 | B10: ASUNCION OCOTLAN | C10: 277230 | D10: 84463 | E10: 3954 | F10: 10127 | G10: 7178 | H10: 2030 | I10: 4707 | J10: 4 | K10: 779 | L10: 284 | M10: 0 | N10: 0 | O10: =SUM(C10:N10) -> 390756
A11: 8 | B11: ASUNCION TLACOLULITA | C11: 137933 | D11: 56284 | E11: 1884 | F11: 4607 | G11: 2109 | H11: 1072 | I11: 1991 | J11: 2 | K11: 331 | L11: 164 | M11: 0 | N11: 0 | O11: =SUM(C11:N11) -> 206377
A12: 9 | B12: AYOTZINTEPEC | C12: 512255 | D12: 167023 | E12: 6170 | F12: 12812 | G12: 19768 | H12: 4545 | I12: 13476 | J12: 10 | K12: 1043 | L12: 813 | M12: 0 | N12: 0 | O12: =SUM(C12:N12) -> 737915
A13: 10 | B13: EL BARRIO DE LA SOLEDAD | C13: 2269325 | D13: 424821 | E13: 25154 | F13: 25328 | G13: 38008 | H13: 26576 | I13: 56439 | J13: 43 | K13: 1892 | L13: 5816 | M13: 0 | N13: 0 | O13: =SUM(C13:N13) -> 2873402
A14: 11 | B14: CALIHUALA | C14: 144293 | D14: 62478 | E14: 2077 | F14: 5010 | G14: 4114 | H14: 1130 | I14: 2799 | J14: 2 | K14: 380 | L14: 172 | M14: 0 | N14: 0 | O14: =SUM(C14:N14) -> 222455
A15: 12 | B15: CANDELARIA LOXICHA | C15: 1012404 | D15: 94580 | E15: 11984 | F15: 17906 | G15: 33428 | H15: 10679 | I15: 28048 | J15: 22 | K15: 1354 | L15: 2183 | M15: 0 | N15: 0 | O15: =SUM(C15:N15) -> 1212588
... A573: 570 | B573: ZIMATLAN DE ALVAREZ | C573: 2191206 | D573: 682820 | E573: 24516 | F573: 37501 | G573: 63064 | H573: 22589 | I573: 57255 | J573: 44 | K573: 3094 | L573: 4568 | M573: 259974 | N573: 0 | O573: =SUM(C573:N573) -> 3346631
A574: TOTAL | C574: =SUM(C4:C573) -> 503311615 | D574: =SUM(D4:D573) -> 154081256 | E574: =SUM(E4:E573) -> 5882396 | F574: =SUM(F4:F573) -> 9973830 | G574: =SUM(G4:G573) -> 11886849 | H574: =SUM(H4:H573) -> 4975820 | I574: =SUM(I4:I573) -> 11601266 | J574: =SUM(J4:J573) -> 8935 | ... N574: =SUM(N4:N573) -> 1388833.4 | O574: =SUM(C574:N574) -> 7.313347e+08
B575: NOTA: LAS SUMATORIAS DE CADA CONCEPTO PUEDE NO COINCIDIR POR EL REDONDEO

Sheet FEIEF 2DO TRIMESTRE
A1: En cumplimiento a lo dispuesto en el artículo 11 párrafo último de la Ley de Coordinación Fiscal para el Estado de Oaxaca y numeral 5 fracción II, inciso b del Acuerdo por el que se expiden los Lineamientos para la publicación de la información a que se refiere el articulo 6o. de la Ley de Coordinación Fiscal.
A2: I. Importe de las participaciones pagadas a los Municipios del Estado de Oaxaca correspondiente al Fondo de Estabilización de Ingresos de las Entidades Federativas (FEIEF) del Fondo General de Participaciones y del Fondo de Fomento Municipal correspondiente a la compensación al SEGUNDO TRIMESTRE de 2026.
A3: CLAVE | B3: MUNICIPIO | C3: FEIEF FGP | D3: FEIEF FFM | E3: TOTAL FEIEF
A4: 1 | B4: ABEJONES | C4: 13375 | D4: 0 | E4: =SUM(C4:D4) -> 13375
A5: 2 | B5: ACATLAN DE PEREZ FIGUEROA | C5: 858138 | D5: 20151 | E5: =SUM(C5:D5) -> 878289
A6: 3 | B6: ASUNCION CACALOTEPEC | C6: 41074 | D6: 0 | E6: =SUM(C6:D6) -> 41074
A7: 4 | B7: ASUNCION CUYOTEPEJI | C7: 24901 | D7: 478 | E7: =SUM(C7:D7) -> 25379
A8: 5 | B8: ASUNCION IXTALTEPEC | C8: 446230 | D8: 2444 | E8: =SUM(C8:D8) -> 448674
A9: 6 | B9: ASUNCION NOCHIXTLAN | C9: 667775 | D9: 8250 | E9: =SUM(C9:D9) -> 676025
A10: 7 | B10: ASUNCION OCOTLAN | C10: 38088 | D10: 0 | E10: =SUM(C10:D10) -> 38088
A11: 8 | B11: ASUNCION TLACOLULITA | C11: 22028 | D11: 108 | E11: =SUM(C11:D11) -> 22136
A12: 9 | B12: AYOTZINTEPEC | C12: 109048 | D12: 0 | E12: =SUM(C12:D12) -> 109048
A13: 10 | B13: EL BARRIO DE LA SOLEDAD | C13: 779947 | D13: 4409 | E13: =SUM(C13:D13) -> 784356
A14: 11 | B14: CALIHUALA | C14: 23112 | D14: 459 | E14: =SUM(C14:D14) -> 23571
A15: 12 | B15: CANDELARIA LOXICHA | C15: 292825 | D15: 0 | E15: =SUM(C15:D15) -> 292825
... A573: 570 | B573: ZIMATLAN DE ALVAREZ | C573: 612584 | D573: 7230 | E573: =SUM(C573:D573) -> 619814
A574: TOTAL | C574: =SUM(C4:C573) -> 131429019 | D574: =SUM(D4:D573) -> 1149266 | E574: =SUM(C574:D574) -> 132578285

Sheet TOTAL PAGADO
A1: En cumplimiento a lo dispuesto en el artículo 11 párrafo último de la Ley de Coordinación Fiscal para el Estado de Oaxaca y numeral 5 fracción II, inciso b del Acuerdo por el que se expiden los Lineamientos para la publicación de la información a que se refiere el articulo 6o. de la Ley de Coordinación Fiscal.
A2: I. Importe Total de las Participaciones pagadas a los Municipios del Estado de Oaxaca correspondiente al mes de SEPTIEMBRE de 2026, incluye Fondo de Estabilización de Ingresos de las Entidades Federativas (FEIEF) del Fondo General de Participaciones y del Fondo de Fomento Municipal correspondiente a la compensación al SEGUNDO TRIMESTRE de 2026.
A3: CLAVE | B3: MUNICIPIO | C3: SEPTIEMBRE ORDINARIO | D3: TOTAL FEIEF FGP Y FEIEF FFM DE 2026 | E3: TOTAL PAGADO
A4: 1 | B4: ABEJONES | C4: =+'SEPTIEMBRE ORDINARIO'!O4 -> 206021 | D4: =+'FEIEF 2DO TRIMESTRE'!E4 -> 13375 | E4: =SUM(C4:D4) -> 219396
A5: 2 | B5: ACATLAN DE PEREZ FIGUEROA | C5: =+'SEPTIEMBRE ORDINARIO'!O5 -> 5995975.8 | D5: =+'FEIEF 2DO TRIMESTRE'!E5 -> 878289 | E5: =SUM(C5:D5) -> 6874264.8
A6: 3 | B6: ASUNCION CACALOTEPEC | C6: =+'SEPTIEMBRE ORDINARIO'!O6 -> 301631 | D6: =+'FEIEF 2DO TRIMESTRE'!E6 -> 41074 | E6: =SUM(C6:D6) -> 342705
A7: 4 | B7: ASUNCION CUYOTEPEJI | C7: =+'SEPTIEMBRE ORDINARIO'!O7 -> 206447 | D7: =+'FEIEF 2DO TRIMESTRE'!E7 -> 25379 | E7: =SUM(C7:D7) -> 231826
A8: 5 | B8: ASUNCION IXTALTEPEC | C8: =+'SEPTIEMBRE ORDINARIO'!O8 -> 2496513 | D8: =+'FEIEF 2DO TRIMESTRE'!E8 -> 448674 | E8: =SUM(C8:D8) -> 2945187
A9: 6 | B9: ASUNCION NOCHIXTLAN | C9: =+'SEPTIEMBRE ORDINARIO'!O9 -> 3618156 | D9: =+'FEIEF 2DO TRIMESTRE'!E9 -> 676025 | E9: =SUM(C9:D9) -> 4294181
A10: 7 | B10: ASUNCION OCOTLAN | C10: =+'SEPTIEMBRE ORDINARIO'!O10 -> 390756 | D10: =+'FEIEF 2DO TRIMESTRE'!E10 -> 38088 | E10: =SUM(C10:D10) -> 428844
A11: 8 | B11: ASUNCION TLACOLULITA | C11: =+'SEPTIEMBRE ORDINARIO'!O11 -> 206377 | D11: =+'FEIEF 2DO TRIMESTRE'!E11 -> 22136 | E11: =SUM(C11:D11) -> 228513
A12: 9 | B12: AYOTZINTEPEC | C12: =+'SEPTIEMBRE ORDINARIO'!O12 -> 737915 | D12: =+'FEIEF 2DO TRIMESTRE'!E12 -> 109048 | E12: =SUM(C12:D12) -> 846963
A13: 10 | B13: EL BARRIO DE LA SOLEDAD | C13: =+'SEPTIEMBRE ORDINARIO'!O13 -> 2873402 | D13: =+'FEIEF 2DO TRIMESTRE'!E13 -> 784356 | E13: =SUM(C13:D13) -> 3657758
A14: 11 | B14: CALIHUALA | C14: =+'SEPTIEMBRE ORDINARIO'!O14 -> 222455 | D14: =+'FEIEF 2DO TRIMESTRE'!E14 -> 23571 | E14: =SUM(C14:D14) -> 246026
A15: 12 | B15: CANDELARIA LOXICHA | C15: =+'SEPTIEMBRE ORDINARIO'!O15 -> 1212588 | D15: =+'FEIEF 2DO TRIMESTRE'!E15 -> 292825 | E15: =SUM(C15:D15) -> 1505413
... A573: 570 | B573: ZIMATLAN DE ALVAREZ | C573: =+'SEPTIEMBRE ORDINARIO'!O573 -> 3346631 | D573: =+'FEIEF 2DO TRIMESTRE'!E573 -> 619814 | E573: =SUM(C573:D573) -> 3966445
A574: TOTAL | C574: =SUM(C4:C573) -> 7.313347e+08 | D574: =SUM(D4:D573) -> 132578285 | E574: =SUM(E4:E573) -> 8.6391299e+08
